AoeStats
← jakkmon

Four Lakes

509919395Analyzed
1v1 RM · 4d ago on Sep 28, 2026· 32m 24s· 2 players
Game mode
Random Map
Map size
Tiny (2 player)
Population
200
Speed
Normal
Resources
Standard
Victory
Conquest
Starting age
Dark Age
Ending age
Imperial Age
RankedLock teamsTeams togetherTeam positionsShared explorationLock speedFull tech treeHidden civsTurbo modeCheats
Victory
Defeat
🇨🇱 Aztecs · Chile
742
+14
🇺🇸 Burgundians · United States
706
-14
jakkmon
3:33 Loom
7:22 Wheelbarrow
7:34 Double-Bit Axe
13:08 Feudal Age
11:42 Fishing Lines
14:17 Bow Saw
14:40 Town Watch
16:39 Hand Cart
16:28 Gillnets
16:53 Gold Mining
16:57 Stone Mining
17:45 Fletching
17:56 Padded Archer Armor
18:49 Padded Archer Armor
19:57 Horse Collar
24:48 Castle Age
23:51 Gold Shaft Mining
24:18 Stone Shaft Mining
25:03 Elite Skirmisher
33:59 Imperial Age
Murduk1312
10:18 Feudal Age
11:29 Double-Bit Axe
13:53 Loom
14:43 Wheelbarrow
13:53 Fishing Lines
17:10 Castle Age
15:51 Scale Mail Armor
17:55 Gillnets
19:10 Eagle Warrior
20:41 Chain Mail Armor
20:29 Squires
22:05 Fervor
24:12 Forging
24:38 Sanctity
26:11 Redemption
31:02 Imperial Age
30:58 Arson
Connection lost

Rejoining the realm…

Still unreachable

The connection could not be restored.

Session expired

The server has moved on; the page needs a fresh start.